 Dungeon Crawl Stone Soup version 0.29.1-1-gd02db6906a (webtiles) character file.

Game seed: 15432919599605061377

68 Anriel the Chopper (level 4, 0/35 HPs)
             Began as a Human Berserker on Oct 11, 2022.
             Was a Believer of Trog.
             Succumbed to an adder's poison
             ... on level 2 of the Dungeon.
             The game lasted 00:14:05 (1462 turns).

Anriel the Chopper (Human Berserker)                Turns: 1462, Time: 00:14:06

Health: 0/35       AC:  3    Str: 19    XL:     4   Next: 41%
Magic:  4/4        EV: 12    Int:  7    God:    Trog [**....]
Gold:   108        SH:  0    Dex: 13    Spells: 3/3 levels left

rFire   . . .      SeeInvis .   a - +0 hand axe
rCold   . . .      Faith    .   (no shield)
rNeg    . . .      Spirit   .   d - +0 leather armour
rPois   .          Reflect  .   (no helmet)
rElec   .          Harm     .   (no cloak)
rCorr   .          Rampage  .   (no gloves)
Will    .....                   (no boots)
Stlth   +.........              (no amulet)
HPRegen 0.11/turn               (no ring)
MPRegen 0.09/turn               (no ring)

@: lethally poisoned (0 -> -7)
A: no striking features
a: Renounce Religion, Berserk, Trog's Hand


You were on level 2 of the Dungeon.
You worshipped Trog.
Trog was pleased with you.
You visited 1 branch of the dungeon, and saw 2 of its levels.

You collected 108 gold pieces.

Inventory:

Hand Weapons
 a - a +0 hand axe (weapon)
Armour
 d - a +0 leather armour (worn)
 i - an orb of guile
Scrolls
 b - a scroll of amnesia {unknown}
 e - a scroll of fear {unknown}
 f - 3 scrolls of identify {unknown}
 h - a scroll of magic mapping {unknown}
 j - 2 scrolls of immolation {unknown}
Potions
 c - a potion of ambrosia {unknown}
 g - a potion of might {unknown}
 k - a potion of brilliance {unknown}


   Skills:
 + Level 3.5 Fighting
 + Level 4.1 Axes
 + Level 2.1 Armour
 * Level 2.3 Dodging
 + Level 0.8 Stealth


You had 3 spell levels left.
You didn't know any spells.
Your spell library was empty.

Dungeon Overview and Level Annotations

Branches:
Dungeon (2/15)

Altars:

Shops:
D:1 =


Message History

The adder closely misses you.
You closely miss the giant cockroach.
The giant cockroach is severely wounded.
You miss the frilled lizard. You barely miss the adder.
The frilled lizard closely misses you. The giant cockroach bites you.
The adder bites you.
You barely miss the giant cockroach.
The giant cockroach is severely wounded.
You barely miss the adder. You barely miss the frilled lizard.
The adder bites you but does no damage. The giant cockroach closely misses you.
The frilled lizard bites you but does no damage.
The adder closely misses you.
You hit the giant cockroach.
You kill the giant cockroach!
Trog accepts your kill.
You closely miss the frilled lizard. You closely miss the adder.
The frilled lizard misses you. The adder bites you but does no damage.
You hit the adder but do no damage. You hit the frilled lizard.
The frilled lizard bites you but does no damage.
The adder bites you.
* * * LOW HITPOINT WARNING * * *
You miss the adder. You barely miss the frilled lizard.
You recover from your berserk rage.
The adder closely misses you.
The frilled lizard bites you but does no damage.
The adder bites you.
* * * LOW HITPOINT WARNING * * *
You closely miss the adder. You barely miss the frilled lizard.
The frilled lizard bites you.
* * * LOW HITPOINT WARNING * * *
The adder bites you but does no damage. The frilled lizard bites you.
* * * LOW HITPOINT WARNING * * *
The adder completely misses you. The adder bites you but does no damage.
You see here a quokka corpse.
The adder attacks as you move away! The adder bites you.
* * * LOW HITPOINT WARNING * * *
You are lethally poisoned!
The adder poisons you!
You die...

#. #.##.#...####
##...###.##...###
.........##..##
########.....#
#.....>## #......#
#.....†#
#......#########
..........@†S....#####
#############l.......#
#........#
#+#+####........#
......†.........#
.........<......#
.........##+#####
.........# .........#


You could see an adder and a frilled lizard.

Vanquished Creatures
  3 adders (D:2)
  A worm (D:2)
  5 bats
  4 endoplasms
  3 giant cockroaches
  2 goblins (D:1)
  6 hobgoblins
  2 quokkas
  3 ball pythons
  3 frilled lizards
  3 kobolds
  A rat (D:1)
36 creatures vanquished.

Vanquished Creatures (others)
  A fungus (D:1)
  A plant (D:1)
2 creatures vanquished.

Grand Total: 38 creatures vanquished

Notes
Turn   | Place    | Note
-------+----------+-------------------------------------------
     0 | D:1      | Anriel the Human Berserker began the quest for the Orb.
     0 | D:1      | Reached XP level 1. HP: 18/18 MP: 1/1
   332 | D:1      | Reached XP level 2. HP: 24/24 MP: 2/2
   527 | D:1      | Found Utakhl Asiu's Jewellery Shoppe.
   738 | D:1      | Reached XP level 3. HP: 29/29 MP: 3/3
   743 | D:1      | Found a faded altar of an unknown god.
  1085 | D:2      | Reached ** piety under Trog
  1123 | D:2      | Reached XP level 4. HP: 26/35 MP: 4/4
  1240 | D:2      | Reached skill level 4 in Axes
  1462 | D:2      | Succumbed to an adder's poison

Illustrated notes

Levels and vault maps discovered:
D:1:      shiori_arrival_elements, layout_basic, serial_shops,
          nicolae_shop_waterfront, shapermc_ecumenical_altar_mp_urbaneastern,
          st_stairs_13, minmay_misc_feat_enclosed
D:2:      layout_basic, minmay_crystal_room, minmay_misc_feat_rugged

Skill      XL: |  1  2  3  4 |
---------------+-------------+-----
Axes           | 4 |  4.1
Fighting       | |  3.5
Armour         | |  2.1
Dodging        | |  2.3
Stealth        | |  0.8

Action                   |  1- 3 |  4- 6 || total
-------------------------+-------+-------++-------
Melee: Hand axe          |    78 |    37 ||   115
       Punch             |     4 |       ||     4
Invok: Berserk           |       |     1 ||     1
       Trog's Hand       |       |     1 ||     1
 Stab: Sleeping          |     2 |       ||     2
Armor: Animal skin       |     2 |       ||     2
       Leather armour    |    10 |    17 ||    27
Dodge: Dodged            |    42 |    31 ||    73
